 Dungeon Sprint DCSS version 0.24.0-41-g2ae2f7f1be (webtiles) character file.

Game seed: 7962929637113878775, levelgen mode: deterministic

131 McKennaii the Slasher (level 4, -3/37 HPs)
             Began as a Demonspawn Fighter on Dec 10, 2019.
             Was an Initiate of Makhleb.
             Slain by a troll (9 damage)
             ... in the Dungeon (Sprint IX: "|||||||||||||||||||||||||||||").
             The game lasted 00:01:19 (457 turns).

McKennaii the Slasher (Demonspawn Fighter)           Turns: 457, Time: 00:01:20

Health: -3/37      AC: 11    Str: 25    XL:     4   Next: 91%
Magic:  4/4        EV:  9    Int: 10    God:    Makhleb [......]
Gold:   0          SH: 10    Dex: 12    Spells: 3/3 levels left

rFire    . . .     SeeInvis .   a - +0 long sword
rCold    + . .     Gourm    .   c - +0 shield
rNeg     . . .     Faith    .   q - +1 chain mail
rPois    .         Spirit   .   (no helmet)
rElec    .         Reflect  .   (no cloak)
rCorr    .         Harm     .   p - +0 pair of gloves
MR       .....     NoTele   +   (no boots)
Stlth    ..........             (no amulet)
HPRegen  0.12/turn              b - +2 ring of evasion
MPRegen  0.09/turn              r - +3 ring of strength

@: mighty
A: cold resistance 1, spiny 1, freezing cloud immunity
a: Renounce Religion


You were in the Dungeon.
You worshipped Makhleb.
Makhleb was noncommittal.
You were not hungry.

You visited 1 branch

Inventory:

Hand Weapons
 a - a +0 long sword (weapon)
Armour
 c - a +0 shield (worn)
 p - a +0 pair of gloves (worn)
 q - a +1 chain mail (worn)
Jewellery
 b - a +2 ring of evasion (left hand)
 r - a +3 ring of strength (right hand)
Wands
 o - a wand of acid (10)
Scrolls
 k - 2 scrolls of blinking
 m - 3 scrolls of remove curse
 n - 2 scrolls of amnesia
Potions
 e - 5 potions of curing
 g - 3 potions of heal wounds
 h - a potion of haste
 i - 4 potions of magic
 j - a potion of berserk rage
 l - a potion of invisibility
Comestibles
 f - a ration


   Skills:
 + Level 4.1 Fighting
 * Level 6.6 Long Blades
 + Level 4.4 Armour
 + Level 2.1 Dodging
 + Level 4.4 Shields


You had 3 spell levels left.
You didn't know any spells.
Your spell library was empty.

Dungeon Overview and Level Annotations

Branches:
Dungeon (1/1)

Altars:
Cheibriados
Dithmenos
Elyvilon
Fedhas
Gozag
Hepliaklqana
Kikubaaqudgha
Makhleb
Nemelex Xobeh
Okawaru
Qazlal
Ru
Sif Muna
Trog
Uskayaw
Vehumet
Wu Jian
Xom
Yredelemnul
Zin
The Shining One
Beogh
Jiyva
Lugonu


Innate Abilities, Weirdness & Mutations

Your flesh is cold resistant. (rC+)
You are partially covered in sharp spines.
You are immune to freezing clouds.


Message History

The troll claws you but does no damage. The troll claws you.
Unknown command.
Unknown command.
You hit the troll.
The troll is lightly wounded.
The troll closely misses you. The troll claws you.
* * * LOW HITPOINT WARNING * * *
You block the troll's attack.
Unknown command.
Your shield and chain mail prevent you from hitting the troll.
The troll is lightly wounded.
You block the troll's attack. x2; The troll closely misses you.
Unknown command.
You hit the troll.
The troll is lightly wounded.
The troll bites you.
* * * LOW HITPOINT WARNING * * *
You block the troll's attack. The troll barely misses you.
You block the troll's attack. The troll claws you!
You die... ▓▓▓▓▓▓▓▓▓▓▓▓▓▓▓▓▓▓▓▓▓▓▓▓ ______'..|).[[.(@ThSaZ.+ ▓▓▓▓▓▓▓▓▓▓▓▓▓▓▓▓▓▓▓▓▓▓▓▓

You could see a troll, a hound, a worker ant, an adder and a bat skeleton.

Vanquished Creatures
  A centaur (D)
  A crimson imp (D)
  A shadow imp (D)
  A bat skeleton (D)
  2 goblins (D)
  2 hobgoblins (D)
  A quokka (D)
  A ball python skeleton (D)
  A rat (D)
11 creatures vanquished.

Notes
Turn   | Place    | Note
-------+----------+-------------------------------------------
     0 | D        | McKennaii the Demonspawn Fighter began the quest for the
                  | Orb.
     0 | D        | Reached XP level 1. HP: 18/18 MP: 1/1
     6 | D        | Reached skill level 2 in Long Blades
    82 | D        | Noticed a crimson imp
    92 | D        | Gained mutation: You are partially covered in sharp spines.
                  | [demonic ancestry]
    92 | D        | Reached XP level 2. HP: 16/24 MP: 2/2
    95 | D        | Reached skill level 3 in Long Blades
   165 | D        | Killed a crimson imp
   165 | D        | Reached skill level 4 in Long Blades
   165 | D        | Reached skill level 1 in Dodging
   165 | D        | Gained mutation: Your flesh is cold resistant. (rC+)
                  | [demonic ancestry]
   165 | D        | Reached XP level 3. HP: 9/30 MP: 3/3
   376 | D        | Found a roughly hewn altar of Beogh.
   376 | D        | Found a snail-covered altar of Cheibriados.
   376 | D        | Found a shadowy altar of Dithmenos.
   376 | D        | Found a white marble altar of Elyvilon.
   376 | D        | Found a blossoming altar of Fedhas.
   376 | D        | Found an opulent altar of Gozag.
   377 | D        | Found a hazy altar of Hepliaklqana.
   378 | D        | Found a viscous altar of Jiyva.
   379 | D        | Found an ancient bone altar of Kikubaaqudgha.
   380 | D        | Found a corrupted altar of Lugonu.
   381 | D        | Found a burning altar of Makhleb.
   382 | D        | Found a sparkling altar of Nemelex Xobeh.
   383 | D        | Found an iron altar of Okawaru.
   384 | D        | Found a stormy altar of Qazlal.
   385 | D        | Found a sacrificial altar of Ru.
   386 | D        | Found a shimmering blue altar of Sif Muna.
   387 | D        | Found a bloodstained altar of Trog.
   388 | D        | Found a hide-covered altar of Uskayaw.
   389 | D        | Became a worshipper of Makhleb the Destroyer
   390 | D        | Found a radiant altar of Vehumet.
   391 | D        | Found an ornate altar of the Wu Jian Council.
   392 | D        | Found a shimmering altar of Xom.
   393 | D        | Found a basalt altar of Yredelemnul.
   394 | D        | Found a glowing silver altar of Zin.
   395 | D        | Found a glowing golden altar of the Shining One.
   443 | D        | Noticed a centaur
   443 | D        | Noticed a troll
   453 | D        | Killed a centaur
   453 | D        | Reached skill level 6 in Long Blades
   453 | D        | Gained mutation: You are immune to freezing clouds.
                  | [demonic ancestry]
   453 | D        | Reached XP level 4. HP: 25/37 MP: 4/4
   457 | D        | Slain by a troll

Levels and vault maps discovered:
D:        linesprint [early_d, line_temple, items_1, d_10, items_2, lair_1,
          lair_end, items_3, orc_1, orc_end, items_4, d_15, swamp_1, shoals_1,
          snake_1, spider_1, d_20, vaults_1, items_5, swamp_end, shoals_end,
          snake_end, spider_end, vaults_end, d_27, items_6, zot_1, zot_end,
          crypt_end, forest_end, elf_end, slime_end, tomb_end, abyss_end,
          pan_hell_end]

Skill      XL: |  1  2  3 |
---------------+----------+-----
Long Blades    | 2 4 6 |  6.6
Armour         | 3 4 |  4.4
Shields        | 3 4 |  4.4
Dodging        | 1 2 |  2.1
Fighting       | 4 |  4.1

Action                   |  1- 3 |  4- 6 || total
-------------------------+-------+-------++-------
Melee: Long sword        |    80 |     4 ||    84
  Use: Potion            |     1 |       ||     1
Armor: Scale mail        |    34 |       ||    34
       Chain mail        |     3 |     1 ||     4
Dodge: Dodged            |    19 |     4 ||    23
Block: Shield            |    48 |     7 ||    55
       Rpst.: Long sword |     3 |       ||     3
